 Dungeon Crawl Stone Soup version 0.30-a0-702-gdf48620a09 (webtiles) character file.

Game seed: 8715161658378309227

123 Leeroy the Slasher (level 5, 0/30 HPs)
             Began as a Tengu Warper on Jan 21, 2023.
             Slain by Natasha (8 damage)
             ... on level 3 of the Dungeon.
             The game lasted 00:03:03 (1908 turns).

Leeroy the Slasher (Tengu Warper)                   Turns: 1908, Time: 00:03:04

Health: 0/30       AC:  4    Str: 11    XL:     5   Next: 7%
Magic:  7/9        EV: 14    Int: 14    God:
Gold:   112        SH:  0    Dex: 15    Spells: 6/8 levels left

rFire   . . .      SeeInvis .    a - +0 falchion
rCold   . . .      Faith    .    (no shield)
rNeg    . . .      Spirit   .    b - +0 leather armour
rPois   .          Reflect  .    (helmet restricted)
rElec   .          Harm     .    f - +0 cloak
rCorr   .          Rampage  .    (no gloves)
Will    .....                    (boots unavailable)
Stlth   +                        (no amulet)
HPRegen 0.25/turn                i - ring of wizardry
MPRegen 0.11/turn                (no ring)

@: flying quickly and evasively, quick
A: beak, talons 3, nimble flight
a: no special abilities


You were on level 3 of the Dungeon.
You visited 1 branch of the dungeon, and saw 3 of its levels.

You collected 112 gold pieces.

Inventory:

Hand Weapons
 a - a +0 falchion (weapon)
 e - a +0 dagger of speed
Missiles
 d - 7 boomerangs of dispersal (quivered)
Armour
 b - a +0 leather armour (worn)
 f - a +0 cloak (worn)
Jewellery
 i - a ring of wizardry (left hand)
Scrolls
 c - a scroll of blinking
 h - 3 scrolls of identify {unknown}
 j - a scroll of enchant armour {unknown}
 l - 2 scrolls of fog {unknown}
 n - a scroll of fear {unknown}
 p - a scroll of teleportation {unknown}
Potions
 g - a potion of brilliance
 k - a potion of degeneration {unknown}
 m - a potion of mutation {unknown}
 o - a potion of berserk rage {unknown}
 q - 2 potions of curing


   Skills:
 - Level 2.0 Fighting
 + Level 5.6 Long Blades
 - Level 1.0 Throwing
 - Level 1.1 Armour
 - Level 2.1 Dodging
 - Level 2.0 Spellcasting
 - Level 2.4 Translocations


You had 6 spell levels left.
You knew the following spells:

 Your Spells              Type           Power      Damage    Failure   Level
a - Blink                 Tloc           16%        N/A       8%          2

Your spell library contained the following spells:

 Spells                   Type           Power      Damage    Failure   Level
 Lesser Beckoning         Tloc           16%        N/A       8%          2
 Slow                     Hex            4%         N/A       12%         1
 Summon Small Mammal      Summ           4%         N/A       12%         1
 Teleport Other           Tloc           8%         N/A       14%         3
 Vhi's Electric Charge    Tloc/Air       8%         N/A       22%         3
 Call Canine Familiar     Summ           1%         N/A       34%         3
 Confusing Touch          Hex            1%         N/A       34%         3
 Summon Guardian Golem    Hex/Summ       1%         N/A       34%         3
 Vampiric Draining        Necr           1%         2d6       34%         3
 Manifold Assault         Tloc           8%         N/A       41%         4
 Orb of Destruction       Conj           0%         9d5       100%        7
 Spellforged Servitor     Conj/Summ      0%         N/A       100%        7


Dungeon Overview and Level Annotations

Branches:
Dungeon (3/15)

Altars:

Annotations:
D:3 Grinder, Natasha


Innate Abilities, Weirdness & Mutations

You have a beak for a mouth.
You have claws for feet.
Your magical nature lets you fly swiftly and evasively.


Message History

The kobold hits you but does no damage. Natasha claws you.
The crimson imp misses you.
Casting: Blink (safe; 8% risk of failure)
Confirm with . or Enter, or press ? or * to list all spells.
You blink.
Grinder gestures at you. Pain shoots through your body!
Grinder gestures at you. Pain shoots through your body!
Natasha growls.
Natasha mumbles some strange words.
You feel stable enough to blink again.
Grinder says, "Make like a tree!"
You see here a +0 scale mail.
You see here a +0 scale mail.
Casting: Blink (safe; 8% risk of failure)
Confirm with . or Enter, or press ? or * to list all spells.
You blink.
The crimson imp blinks!
Grinder blinks!
You see here an adder corpse.
Natasha attacks as you move away! Natasha barely misses you.
Grinder gestures at you.
You suddenly lose the ability to move!
Natasha claws you. Grinder gestures at you. Pain shoots through your body!
Natasha claws you. The crimson imp puffs mist at you.
Grinder says, "There's only one good use for a tongue: cutting it out."
Grinder barely misses you.
You can move again.
Unknown command.
Casting: Blink (safe; 8% risk of failure)
Confirm with . or Enter, or press ? or * to list all spells.
You are still too unstable to blink.
Natasha attacks as you move away! Natasha claws you.
* * * LOW HITPOINT WARNING * * *
You feel stable enough to blink again. Natasha claws you!
You die...

#(#...#.###.##.#..##
#.....†..##.##.#..#
#....5#..##.##.#..#
#........##.......#
##.#..##.#####.....
#########.##.##.#
#######
#..........K....#
#.##.##.#.5h†...#####
#.##.##.#.@#.....[..#
####.##.##......#.####.#
#......############ ###
#.##.### #.##.###
#.##...# #.####.#
#......# #####.##


You could see Grinder (resistant), Natasha and a kobold.

Vanquished Creatures
  Jessica (D:2)
  3 adders
  A worm (D:3)
  3 dart slugs
  An orc (D:3)
  4 ball pythons
  6 bats
  10 endoplasms
  6 goblins
  5 hobgoblins
  3 jackals (D:3)
  4 kobolds
  A quokka (D:2)
  4 frilled lizards
  6 rats
58 creatures vanquished.

Notes
Turn   | Place    | Note
-------+----------+-------------------------------------------
     0 | D:1      | Leeroy the Tengu Warper began the quest for the Orb.
     0 | D:1      | Reached XP level 1. HP: 12/12 MP: 4/4
     2 | D:1      | Noticed a meteoran
     2 | D:1      | Noticed a vine stalker
     4 | D:1      | Noticed a gargoyle
     6 | D:1      | Noticed a minotaur
     6 | D:1      | Noticed a demigod
     8 | D:1      | Noticed a formicid
    10 | D:1      | Noticed a naga
    10 | D:1      | Noticed a merfolk
    12 | D:1      | Noticed a vampire
    12 | D:1      | Noticed an elf
    14 | D:1      | Noticed a tengu
    16 | D:1      | Noticed a human
    16 | D:1      | Noticed a spriggan
    18 | D:1      | Noticed a felid
    18 | D:1      | Noticed a troll
    20 | D:1      | Noticed a ghoul
    20 | D:1      | Noticed an octopode
    22 | D:1      | Noticed an armataur
    22 | D:1      | Noticed a demonspawn
    24 | D:1      | Noticed an ogre
    24 | D:1      | Noticed an ogre
    26 | D:1      | Noticed a demigod
    26 | D:1      | Noticed a minotaur
    70 | D:1      | Reached skill level 3 in Long Blades
    70 | D:1      | Reached XP level 2. HP: 17/17 MP: 6/6
   237 | D:1      | Learned a level 2 spell: Blink
   466 | D:1      | Reached XP level 3. HP: 21/21 MP: 7/7
   871 | D:2      | Reached skill level 4 in Long Blades
   944 | D:2      | Noticed Jessica
   958 | D:2      | Killed Jessica
   959 | D:2      | Reached XP level 4. HP: 6/26 MP: 5/8
  1064 | D:2      | Reached skill level 5 in Long Blades
  1818 | D:3      | Gained mutation: Your magical nature lets you fly swiftly
                  | and evasively. [Tengu growth]
  1818 | D:3      | Reached XP level 5. HP: 22/30 MP: 9/9
  1875 | D:3      | Noticed Grinder
  1877 | D:3      | Noticed Natasha
  1905 | D:3      | Paralysed by Grinder for 2 turns
  1908 | D:3      | Slain by Natasha

Illustrated notes

Levels and vault maps discovered:
D:1:      kb_arrival_jail, layout_basic, minmay_misc_feat_doors,
          chequers_serial_rivers_large_a, serial_park_tiny_1
D:2:      layout_basic, grunt_decor_arrowhead, uniq_jessica
D:3:      layout_loops_cross, old_standard_altar, mainiacjoe_overflow_alcove_1,
          uniq_robin, uniq_natasha, uniq_crazy_yiuf_cottage, uniq_grinder

Skill      XL: |  1  2  3  4 |
---------------+-------------+-----
Long Blades    | 3 4 5 |  5.6
Fighting       | |  2.0
Throwing       | |  1.0
Armour         | |  1.1
Dodging        | |  2.1
Spellcasting   | |  2.0
Translocations | |  2.4

Action                   |  1- 3 |  4- 6 || total
-------------------------+-------+-------++-------
Melee: Falchion          |    82 |    53 ||   135
       Kick              |    21 |    13 ||    34
       Peck              |    11 |     5 ||    16
       Punch             |       |     2 ||     2
 Cast: Blink             |     1 |     2 ||     3
  Use: Potion            |     2 |       ||     2
 Stab: Sleeping          |       |     1 ||     1
Armor: Leather armour    |    34 |    17 ||    51
Dodge: Dodged            |    51 |    30 ||    81

Table legend: (Time is in decaauts)
 A = Elapsed time spent in this place.
 B = Non-inter-level travel time spent in this place.
 C = Inter-level travel time spent in this place.
 D = Time resting spent in this place.
 E = Time spent auto-exploring this place.
 F = Levels seen in this place.
 G = Mean time per level.
                   A        B        C        D        E       F      G
               +--------+--------+--------+--------+--------+-----+--------+
         Total |   1932 |   1901 |     31 |      0 |   1511 |   3 |  644.0 |
       Dungeon |   1932 |   1901 |     31 |      0 |   1511 |   3 |  644.0 |
               +--------+--------+--------+--------+--------+-----+--------+

Top non-repeatable levels by time:
     D:2: 923 daAuts
     D:1: 817 daAuts
     D:3: 192 daAuts
